 Dungeon Crawl Stone Soup version 0.26-a0-30-g56b8cd3df0 (webtiles) character file.

Game seed: 4595233032034716805, levelgen mode: deterministic

135 vurker the Conjurer (level 4, -2/36 HPs)
             Began as a Draconian Conjurer on May 29, 2020.
             Slain by a gnoll
             ... wielding a +3 flail of distortion
              (8 damage)
             ... on level 3 of the Dungeon.
             The game lasted 00:03:40 (2760 turns).

vurker the Conjurer (Draconian Conjurer)            Turns: 2760, Time: 00:03:41

Health: -2/36      AC:  5    Str: 10    XL:     4   Next: 97%
Magic:  1/9        EV: 12    Int: 17    God:
Gold:   105        SH:  0    Dex: 11    Spells: 2/9 levels left

rFire    . . .     SeeInvis .   c - +0 dagger
rCold    . . .     Gourm    .   (no shield)
rNeg     . . .     Faith    .   (armour unavailable)
rPois    .         Spirit   .   (helmet restricted)
rElec    .         Reflect  .   (no cloak)
rCorr    .         Harm     .   (no gloves)
MR       .....                  (no boots)
Stlth    ++........             (no amulet)
HPRegen  0.12/turn              (no ring)
MPRegen  0.11/turn              (no ring)

@: no status effects
A: unfitting armour, cold-blooded, AC +5
a: no special abilities


You were on level 3 of the Dungeon.
You were hungry.

You visited 1 branch of the dungeon, and saw 3 of its levels.

You collected 105 gold pieces.

Inventory:

Hand Weapons
 c - a +0 dagger (weapon)
   (You took it off a goblin on level 1 of the Dungeon)
Scrolls
 a - 2 scrolls of enchant weapon {unknown}
 d - 2 scrolls of identify {unknown}
 f - 2 scrolls of enchant armour {unknown}
 g - a scroll of amnesia {unknown}
 h - 2 scrolls of fog {unknown}
 k - a scroll of remove curse {unknown}
 m - a scroll of random uselessness {unknown}
Potions
 b - a potion of might {unknown}
 l - a potion of haste
Comestibles
 e - 5 rations
 i - 8 chunks of flesh


   Skills:
 + Level 2.0 Fighting
 - Level 1.7 Dodging
 - Level 1.7 Stealth
 * Level 3.4 Spellcasting
 * Level 5.0 Conjurations


You had 2 spell levels left.
You knew the following spells:

 Your Spells              Type           Power        Failure   Level  Hunger
a - Magic Dart            Conj           ###.         2%          1    None
b - Searing Ray           Conj           ###...       3%          2    ##.....
c - Iskenderun's Mystic   Conj/Tloc      ##......     52%         4    ####...

Your spell library contained the following spells:

 Spells                   Type           Power        Failure   Level  Hunger
 Dazzling Flash           Conj/Hex       ##....       19%         3    ###....
 Fulminant Prism          Conj/Hex       ##........   52%         4    ####...


Dungeon Overview and Level Annotations

Branches:
Dungeon (3/15)

Altars:
Ashenzari
Gozag
Yredelemnul

Annotations:
D:3 3 runed translucent doors, Grinder; HoaS's ghost, amateur GrBe


Innate Abilities, Weirdness & Mutations

Your plain brown scales are hard. (AC +5)
You cannot fit into any form of body armour.
You are cold-blooded and may be slowed by cold attacks.


Message History

You see here a plate armour.
The adder bites you but does no damage.
You see here a bat skeleton.
Aim: an adder The searing ray misses the adder. (Press . to maintain the ray.)
The adder bites you but does no damage.
The searing ray misses the adder.
The adder closely misses you.
The orc wizard casts a spell.
The orc wizard flickers and vanishes!
Deactivating autopickup; reactivate with Ctrl-A.
Without enough magic to sustain it, your searing ray dissipates.
The adder closely misses you. The adder bites you but does no damage.
The adder misses you.
You hit the adder.
Your tail-slap misses the adder.
The adder bites you.
You closely miss the adder. The adder closely misses you.
The adder barely misses you.
You hit the adder but do no damage. The adder barely misses you.
Aim: an adder (lightly wounded)
The magic dart hits the adder.
The adder bites you but does no damage.
You completely miss the adder. The adder closely misses you. x2
You miss the adder.
Your tail-slap misses the adder.
You are feeling hungry.
The adder bites you.
You closely miss the adder. The adder misses you.
You miss the adder. The adder barely misses you.
You barely miss the adder.
Your tail-slap misses the adder.
The adder bites you.
You are poisoned.
The adder poisons you! The adder barely misses you.
You closely miss the adder.
You feel sick. The adder closely misses you.
You don't have enough magic to cast that spell.
You hit the adder. You tail-slap the adder.
You kill the adder!
You hit the gnoll.
You tail-slap the gnoll, but do no damage.
The gnoll hits you with a +3 flail of distortion!
* * * LOW HITPOINT WARNING * * *
Space bends around you.
* * * LOW HITPOINT WARNING * * *
Aim: a gnoll, wielding a +3 flail of distortion (lightly wounded)
The magic dart hits the gnoll.
You feel sick. The gnoll closely misses you.
You feel sick.
You feel sick.
You are no longer poisoned.
There is a stone staircase leading up here.
The gnoll throws a stone.
The stone hits you!
* * * LOW HITPOINT WARNING * * *
The gnoll hits you with a +3 flail of distortion!
You die...

######.###########.#####.#...####
##.g.# #.# #.###..... #.o### #.#
#.# ##.#.. #g## ######.#
#.#######. ##.# #......#
####.8∩##.. ##..# #.....##
#.#....W#.. ...##
#.....#####.#8...o+.. .###
#...........#∩$8_.+.. .#
###g@..###..#8....+.# [#
#####..###.....#b..$$#.#
.#########.g.{.## #...>.##.8.##.#
(....†.....##### #......########
.########### #.......# ##
#.......# #########


You could see 2 gnolls.

Vanquished Creatures
  A hound (D:2)
  5 adders
  2 oozes (D:2)
  2 dart slugs
  A leopard gecko (D:1)
  2 orcs (D:3)
  2 giant cockroaches
  3 goblins
  6 hobgoblins
  4 jackals (D:1)
  4 kobolds
  4 bats
  8 frilled lizards
  5 rats
49 creatures vanquished.

Notes
Turn   | Place    | Note
-------+----------+-------------------------------------------
     0 | D:1      | vurker the Draconian Conjurer began the quest for the Orb.
     0 | D:1      | Reached XP level 1. HP: 14/14 MP: 3/3
   270 | D:1      | Reached XP level 2. HP: 17/22 MP: 0/5
   747 | D:1      | Learned a level 2 spell: Searing Ray
   843 | D:1      | Reached skill level 1 in Fighting
  1134 | D:2      | Reached XP level 3. HP: 28/28 MP: 1/6
  1653 | D:2      | Reached XP level 4. HP: 35/35 MP: 4/8
  1761 | D:2      | Found a shattered altar of Ashenzari.
  1877 | D:2      | Found a basalt altar of Yredelemnul.
  2514 | D:3      | Found a runed translucent gate.
  2514 | D:3      | Found a runed translucent gate.
  2514 | D:3      | Found an opulent altar of Gozag.
  2514 | D:3      | Found a runed translucent gate.
  2514 | D:3      | Noticed HoaS's ghost (amateur GrBe)
  2514 | D:3      | Noticed an orc warrior
  2514 | D:3      | Noticed a hippogriff
  2520 | D:3      | Learned a level 4 spell: Iskenderun's Mystic Blast
  2569 | D:3      | Noticed Grinder
  2698 | D:3      | Reached skill level 5 in Conjurations
  2760 | D:3      | Slain by a gnoll

Illustrated notes

Levels and vault maps discovered:
D:1:      psy_arrival_heroes, layout_basic
D:2:      layout_loops_ring, overflow_temple_1_default,
          lemuel_coloured_pillars_altar, first_ration
D:3:      layout_rooms, ebering_ghost_gozag, uniq_grinder, uniq_robin

Skill      XL: |  1  2  3  4 |
---------------+-------------+-----
Fighting       | 1 2 |  2.0
Spellcasting   | 3 |  3.4
Conjurations   | 5 |  5.0
Dodging        | |  1.7
Stealth        | |  1.7

Action                   |  1- 3 |  4- 6 || total
-------------------------+-------+-------++-------
Melee: Unarmed           |     8 |       ||     8
       Dagger            |    14 |    15 ||    29
       Tailslap          |     3 |     2 ||     5
 Cast: Magic Dart        |    67 |    44 ||   111
       Searing Ray       |       |     1 ||     1
  Use: Potion            |       |     4 ||     4
  Eat: Chunk             |     3 |     3 ||     6
Armor: Skin              |     7 |    10 ||    17
Dodge: Dodged            |    20 |    30 ||    50

Table legend:
 A = Non-vault XP
 B = Vault XP
 C = Vault XP percentage of total XP
 D = Non-vault monster count
 E = Vault monster count
 F = Vault count percentage of total count
                 A         B        C        D         E       F
            +---------+---------+-------+---------+---------+-------
      Total |     194 |       0 |   0.0 |      49 |       0 |   0.0
            +---------+---------+-------+---------+---------+-------
        D:1 |      35 |       0 |   0.0 |      19 |       0 |   0.0
        D:2 |     114 |       0 |   0.0 |      17 |       0 |   0.0
        D:3 |      45 |       0 |   0.0 |      13 |       0 |   0.0
            +---------+---------+-------+---------+---------+-------
